 Dungeon Crawl Stone Soup version 0.13-a0-2368-g1f063cc (webtiles) character file.

334 Kae the Ruinous (level 5, -5/28 HPs)
             Began as a Tengu Fire Elementalist on July 13, 2013.
             Killed from afar by a battlesphere (9 damage)
             ... created by smajdalf's ghost
             ... on Level 3 of the Dungeon.
             The game lasted 00:12:09 (3775 turns).

Kae the Ruinous (Tengu Fire Elementalist)           Turns: 3775, Time: 00:12:10

HP  -5/28        AC  3     Str  9      XL: 5   Next: 90%
MP   5/12        EV 14     Int 16      God:
Gold 121         SH  0     Dex 14      Spells:  3 memorised,  2 levels left

Res.Fire  : . . .   See Invis. : .   (no weapon)
Res.Cold  : . . .   Warding    : .   a - +1 robe
Life Prot.: . . .   Conserve   : .   (no shield)
Res.Poison: .       Res.Corr.  : .   (helmet restricted)
Res.Elec. : .       Clarity    : .   (no cloak)
Sust.Abil.: . .     Spirit.Shd : .   (no gloves)
Res.Mut.  : .       Stasis     : .   (boots unavailable)
Res.Rott. : .       Flight     : .   (no amulet)
Saprovore : . . .                    p - +2 ring of evasion
                                     (no ring)

@: about to teleport, mildly poisoned, slightly resistant to hostile
enchantments, fairly stealthy
A: able to fly, beak, talons 3
a: Fly


You were on level 3 of the Dungeon.
You were not hungry.

You visited 1 branch of the dungeon, and saw 3 of its levels.

You collected 101 gold pieces.

Inventory:

Armour
 a - a +1 robe (worn)
Comestibles
 c - 2 bread rations
 h - an apple
 i - a meat ration
Scrolls
 d - a scroll of fog
 f - 3 scrolls of identify
 l - a scroll of fear
Jewellery
 n - an uncursed ring of teleport control
 o - an uncursed ring of protection from fire
 p - a +2 ring of evasion (right hand)
Potions
 g - 4 potions of curing
 k - a potion of flight
 q - a potion of invisibility {unknown}
 s - a potion of speed {unknown}
Books
 b - a book of Flames

   Spells                             Type                      Level
   *Flame Tongue                      Conjuration/Fire             1
   *Throw Flame                       Conjuration/Fire             2
   *Conjure Flame                     Conjuration/Fire             3
   Inner Flame                        Hexes/Fire                   3
   Sticky Flame                       Conjuration/Fire             4
   Fireball                           Conjuration/Fire             5


   Skills:
 - Level 2.1 Dodging
 - Level 2.0 Stealth
 + Level 2.4 Spellcasting
 * Level 5.1 Conjurations
 * Level 4.7 Fire Magic


You had 2 spell levels left.
You knew the following spells:

 Your Spells              Type           Power        Failure   Level  Hunger
a - Flame Tongue          Conj/Fire      ###..        2%          1    #......
b - Throw Flame           Conj/Fire      ###...       4%          2    ##.....
c - Conjure Flame         Conj/Fire      ###.....     10%         3    ####...


Dungeon Overview and Level Annotations

Branches:
Dungeon (3/27)

Altars:
Fedhas

Annotations
D:3 smajdalf's ghost, average DrCj


Innate Abilities, Weirdness & Mutations

You can fly.
You have a beak for a mouth.
You have claws for feet.


Message History

Confirm with . or Enter, or press ? or * to list all spells.
Aiming: Flame Tongue
Press: ? - help, Shift-Dir - straight line, f/p - smajdalf's ghost
Aim: smajdalf's ghost (lightly damaged)
The flame hits smajdalf's ghost.
Smajdalf's ghost appears unharmed.
Smajdalf's ghost is lightly damaged.
Smajdalf's ghost points at you and mumbles some strange words.
The magic dart hits you!
Drink which item? (? for menu, Esc to quit)
Okay, then.
Read which item? (? for menu, Esc to quit)
As you read the scroll of teleportation, it crumbles to dust.
You feel strangely unstable. Smajdalf's ghost completely misses you.
You feel sick.
You feel a little better.
Smajdalf's ghost points at you and mumbles some strange words.
The magic dart hits you!
* * * LOW HITPOINT WARNING * * *
The battlesphere fires!
The barrage of energy hits you!
You die...

.................. .
....#.##......... . ..
.....#.##....#.#.# # ..
....#.##....#.#.### # ..
#..#>.............
##.###..###..#.##....###.###
#....p...............###.###
#......###.#..##...##......
#.....####@................
#.......p..#.%##...####.#.#
#..........#...............
#......*...+...............
#####......#..##...#.##.#.#
#.#....................
#.#.####..##...#.##.#.#
#.... ...........# #.# #.#..
........# # #


You could see smajdalf's ghost.

Vanquished Creatures
  2 orc wizards (D:3)
  5 gnolls
  4 adders
  3 worms (D:2)
  3 giant geckos
  3 orcs (D:2)
  2 bats
  3 giant cockroaches
  7 hobgoblins
  5 kobolds
  2 quokkas (D:2)
  A ball python (D:1)
  4 giant newts
  13 goblins
  5 rats
62 creatures vanquished.

Notes
Turn   | Place    | Note
--------------------------------------------------------------
     0 | D:1      | Kae, the Tengu Fire Elementalist, began the quest for the Orb.
     0 | D:1      | Reached XP level 1. HP: 10/10 MP: 3/3
   216 | D:1      | Reached XP level 2. HP: 10/15 MP: 1/5
   885 | D:1      | Reached XP level 3. HP: 16/19 MP: 5/7
  1241 | D:2      | Learned a level 2 spell: Throw Flame
  1592 | D:2      | Reached XP level 4. HP: 24/24 MP: 8/8
  1603 | D:2      | Learned a level 3 spell: Conjure Flame
  1731 | D:2      | Reached skill level 4 in Fire Magic
  2261 | D:2      | Found a blossoming altar of Fedhas.
  3047 | D:2      | Reached XP level 5. HP: 17/28 MP: 7/11
  3572 | D:3      | Reached skill level 5 in Conjurations
  3744 | D:3      | Noticed smajdalf's ghost (average DrCj)
  3775 | D:3      | Killed from afar by a battlesphere

Action                   |  1- 3 |  4- 6 || total
-------------------------+-------+-------++-------
Melee: Unarmed           |    12 |    11 ||    23
 Cast: Flame Tongue      |    42 |    79 ||   121
       Throw Flame       |       |     5 ||     5
 Abil: Fly               |       |     1 ||     1
  Use: Scroll            |     9 |     8 ||    17
       Potion            |       |     1 ||     1
 Stab: Sleeping          |     1 |       ||     1
